 Dungeon Crawl Stone Soup version 0.28.0-43-g3370ac3207 (webtiles) character file.

Game seed: 14176229030092334683

45 mcbry74 the Cudgeller (level 3, -2/36 HPs)
             Began as a Troll Berserker on Mar 11, 2022.
             Was a Believer of Trog.
             Slain by Sigmund
             ... wielding a +0 scythe
              (11 damage)
             ... on level 2 of the Dungeon.
             The game lasted 00:05:00 (621 turns).

mcbry74 the Cudgeller (Troll Berserker)              Turns: 621, Time: 00:05:01

Health: -2/36      AC:  4    Str: 27    XL:     3   Next: 42%
Magic:  2/2        EV: 10    Int:  3    God:    Trog [**....]
Gold:   67         SH:  0    Dex:  9    Spells: 2/2 levels left

rFire   . . .      SeeInvis .   j - +0 whip
rCold   . . .      Faith    .   (no shield)
rNeg    . . .      Spirit   .   b - +0 animal skin
rPois   .          Reflect  .   (helmet restricted)
rElec   .          Harm     .   (no cloak)
rCorr   .          Rampage  .   (gloves unavailable)
Will    .....                   (boots unavailable)
Stlth   +.........              (no amulet)
HPRegen 0.92/turn               (no ring)
MPRegen 0.08/turn               (no ring)

@: on berserk cooldown, slowed, very slow
A: large, unfitting armour, claws 3, regeneration 1, shaggy fur 1, tough skin 1
a: Renounce Religion, Berserk, Trog's Hand


You were on level 2 of the Dungeon.
You worshipped Trog.
Trog was pleased with you.
You visited 1 branch of the dungeon, and saw 2 of its levels.

You collected 67 gold pieces.

Inventory:

Hand Weapons
 a - a +0 mace
 c - a +0 club
 j - a +0 whip (weapon)
Missiles
 d - 33 stones (quivered)
 f - 5 poisoned darts
 i - 17 sling bullets
Armour
 b - a +0 animal skin (worn)
Scrolls
 e - a scroll of identify {unknown}
Potions
 g - a potion of degeneration {unknown}
 h - a potion of might {unknown}


   Skills:
 - Level 2.5 Fighting
 + Level 3.3 Maces & Flails
 + Level 1.4 Throwing
 - Level 2.6 Dodging


You had 2 spell levels left.
You didn't know any spells.
Your spell library was empty.

Dungeon Overview and Level Annotations

Branches:
Dungeon (2/15)

Altars:

Annotations:
D:2 Sigmund


Innate Abilities, Weirdness & Mutations

You are too large for most types of armour.
You have claws for hands.
Your natural rate of healing is unusually fast.
You are covered in fur. (AC +1)
You have tough skin. (AC +1)


Message History

Okay, then.
Sigmund gestures wildly while chanting.
Sigmund flickers and vanishes!
Deactivating autopickup; reactivate with Ctrl-A.
A puff of flame appears from out of thin air!
The puff of flame hits you.
A red film seems to cover your vision as you go berserk!
You feel yourself moving faster!
You feel mighty!
You feel a strong urge to attack something.
Something hits you!
You feel your anger nearly subside.
You are no longer berserk.
You are exhausted.
You feel yourself slow down.
You feel the effects of Trog's Hand fading.
A bat comes into view.
Something hits you but does no damage.
You hit something. Something hits you but does no damage.
You closely miss something. Something completely misses you.
You barely miss something. Something hits you but does no damage.
You miss something.
Your skin stops crawling.
You feel less strong-willed. Something hits you but does no damage.
You barely miss something.
An endoplasm comes into view.
Something hits you.
You miss something.
The endoplasm quivers.
The bat barely misses you. The bat closely misses you. Something hits you.
You closely miss something. The bat hits you but does no damage.
The bat closely misses you. Something hits you.
The bat hits you but does no damage.
You miss something. The bat hits you but does no damage. x2
A rat comes into view.
The bat misses you. Something hits you!
You miss something. The bat hits you but does no damage. Something hits you!
* * * LOW HITPOINT WARNING * * *
You barely miss something. The bat barely misses you. x2
The bat hits you but does no damage. Something hits you!
You die...

.####...###....#
........###....#
..###.....#....#
#..........#
#....<.....#
#..........# #
+.......#### ...
#..#...#####.....
#.....J{@b......b
##.#...######....
#.#.... . #
#..... .......
.........
..........
.......


You could see an endoplasm and a bat.

Vanquished Creatures
  An adder (D:2)
  A dart slug (D:1)
  5 bats (D:1)
  3 endoplasms (D:1)
  A giant cockroach (D:1)
  2 hobgoblins
  5 kobolds
  A quokka (D:1)
  3 ball pythons (D:1)
  2 frilled lizards (D:1)
  2 goblins (D:1)
  8 rats (D:1)
34 creatures vanquished.

Notes
Turn   | Place    | Note
-------+----------+-------------------------------------------
     0 | D:1      | mcbry74 the Troll Berserker began the quest for the Orb.
     0 | D:1      | Reached XP level 1. HP: 22/22 MP: 0/0
   235 | D:1      | Reached XP level 2. HP: 29/29 MP: 1/1
   299 | D:1      | Reached skill level 3 in Maces & Flails
   376 | D:1      | Reached skill level 1 in Throwing
   377 | D:1      | Reached ** piety under Trog
   391 | D:1      | Found a faded altar of an unknown god.
   429 | D:1      | Reached XP level 3. HP: 35/36 MP: 2/2
   595 | D:2      | Noticed Sigmund
   621 | D:2      | Slain by Sigmund

Illustrated notes

Levels and vault maps discovered:
D:1:      dpeg_arrival_ratfight, layout_basic,
          dreamdust_ecumenical_altar_angels_and_demons
D:2:      layout_basic, kennysheep_generic_room_9, uniq_sigmund, uniq_robin

Skill      XL: |  1  2 |
---------------+-------+-----
Maces & Flails | 3 |  3.3
Throwing       | 1 |  1.4
Fighting       | |  2.5
Dodging        | |  2.6

Action                   || total
-------------------------++-------
Melee: Mace              ||   111
       Punch             ||     1
       Whip              ||    10
Invok: Berserk           ||     1
       Trog's Hand       ||     1
Armor: Animal skin       ||    58
Dodge: Dodged            ||    77
